 Dungeon Crawl Stone Soup version 0.30-a0-359-gd0147acb1a (webtiles) character file.

Game seed: 10782045345431957348

339 NinjaNoafa the Magician (level 6, -2/46 HPs)
             Began as a Djinni Conjurer on Nov 11, 2022.
             Slain by an orc
             ... wielding a +0 flail
              (7 damage)
             ... on level 3 of the Dungeon.
             The game lasted 00:10:52 (3783 turns).

NinjaNoafa the Magician (Djinni Conjurer)           Turns: 3783, Time: 00:10:52

Health: -2/46      AC:  3    Str:  6    XL:     6   Next: 86%
Gold:   170        EV: 12    Int: 21    God:
                   SH:  0    Dex: 12

rFire   + + .      SeeInvis .    h - +0 dagger (venom)
rCold   x x .      Faith    .    (no shield)
rNeg    . . .      Spirit   .    a - +0 robe
rPois   ∞          Reflect  .    b - +0 helmet
rElec   .          Harm     .    (no cloak)
rCorr   +          Rampage  .    (no gloves)
Will    .....      Clarity  +    (boots unavailable)
Stlth   ++........               (no amulet)
HPRegen 0.27/turn                g - ring of resist corrosion
MPRegen 0.00/turn                (no ring)

@: flying
A: sickness immunity, fire resistance 2, cold vulnerability 2, float, innate
caster, HP casting, extra vitality 1, clarity
a: no special abilities


You were on level 3 of the Dungeon.
You visited 1 branch of the dungeon, and saw 3 of its levels.
You also visited: Sewer.

You collected 170 gold pieces.

Inventory:

Hand Weapons
 h - a +0 dagger of venom (weapon)
Missiles
 i - 44 stones
 q - 12 poisoned darts
Armour
 a - a +0 robe (worn)
 b - a +0 helmet (worn)
 p - a +0 tower shield
Magical Staves
 c - a staff of air
Jewellery
 g - a ring of resist corrosion (left hand)
Scrolls
 d - 2 scrolls of fog
 f - a scroll of silence {unknown}
 j - a scroll of torment {unknown}
 k - 4 scrolls of identify {unknown}
 l - a scroll of poison {unknown}
 m - a scroll of fear {unknown}
 n - a scroll of noise
 o - 2 scrolls of blinking {unknown}
 r - a scroll of enchant armour {unknown}
Potions
 s - a potion of resistance {unknown}


   Skills:
 - Level 3.0 Fighting
 - Level 2.1 Dodging
 - Level 1.5 Stealth
 + Level 5.4 Spellcasting


You couldn't memorise any spells.
You knew the following spells:

 Your Spells              Type           Power      Damage    Failure   Level
a - Magic Dart            Conj           100%       1d8       1%          1
b - Searing Ray           Conj           56%        2d6       1%          2
c - Dazzling Flash        Conj/Hex       56%        N/A       3%          3
d - Fulminant Prism       Conj/Hex       14%        3d8       11%         4
e - Iskenderun's Mystic   Conj/Tloc      28%        2d7       11%         4
f - Necrotise             Necr           100%       1d9       1%          1
g - Ensorcelled Hibernat  Hex/Ice        56%        N/A       1%          2
Your spell library was empty.

Dungeon Overview and Level Annotations

Branches:
Dungeon (3/15)              Sewer (visited)

Altars:


Innate Abilities, Weirdness & Mutations

You are immune to sickness and miasma.
You are immune to poison.
Your flesh is very heat resistant. (rF++)
You are very vulnerable to cold. (rC--)
You float through the air rather than walking.
You learn spells naturally, not from books.
Your magical power is your life essence.
You have superior vitality. (+4 MHP)
You possess an exceptional clarity of mind.


Message History

Press: ? - help, Dir - look around, f - activate
Okay, then.
You kill the orc!
The orc hits you with a +0 flail.
Casting: Dazzling Flash (dangerous; 3% risk of failure)
Confirm with . or Enter, or press ? or * to list all spells.
Casting: Dazzling Flash (dangerous; 3% risk of failure)
Press: ? - help, Dir - look around, f - activate The orc is dazzled.
The orc hits you with a +0 flail.
Casting: Dazzling Flash (dangerous; 3% risk of failure)
Confirm with . or Enter, or press ? or * to list all spells.
Aiming: Searing Ray (safe; 1% risk of failure)
Press: ? - help, Shift-Dir - straight line, f - orc
Aim: an orc, wielding a +0 flail (79% to hit)
The searing ray misses the orc.
The searing ray hits the orc but does no damage. (Press . to maintain the ray.)
* * * LOW HITPOINT WARNING * * *
You hit the orc but do no damage.
The orc is poisoned.
The orc hits you with a +0 flail!
* * * LOW HITPOINT WARNING * * *
The orc barely misses you.
The orc is no longer blind.
The orc misses you. The orc attacks as you move away!
The orc barely misses you. The orc attacks as you move away!
The orc hits you but does no damage.
An orc comes into view. It is wielding a +0 whip.
The orc shouts!
The orc attacks as you move away! The orc misses you.
As you read the scroll labelled ULU CA AS FYL, it crumbles to dust.
The scroll dissolves into smoke.
It was a scroll of fog.
You kill the orc!
The orc hits you with a +0 flail.
* * * LOW HITPOINT WARNING * * *
Unknown command.
As you read the scroll of summoning, it crumbles to dust.
Wisps of shadow whirl around you... The orc hits you with a +0 flail.
* * * LOW HITPOINT WARNING * * *
Something barely misses your bat. The orc attacks as you move away!
The orc hits you with a +0 flail!
You die...

#.. ## #..... .. #..#. . ##....#.
#..o.... #....§§# #....§§#### #.
#.§§bo§# #.####§##@#..#
#....§§.#.#..#.#..
####.###..lSK..#.#. #
#)).....#§#.#...... . #
#)##..............# #.#.#
...##....#.#.......#####.#.##
#....#.[.....#.####..#.........
###...##....).)..####..#.....#.#.
..#### #.......#.##..........#...


You could see an orc (ally target), a friendly bat (summoned), a friendly ball
python (summoned), a friendly kobold (summoned) and a friendly frilled lizard
(summoned).

Vanquished Creatures
  An orc wizard (D:3)
  9 adders
  7 gnolls
  6 river rats (Sewer)
  3 worms
  2 dart slugs
  3 orcs (D:3)
  11 ball pythons
  13 bats
  5 endoplasms
  3 giant cockroaches
  4 hobgoblins (D:1)
  9 jackals
  8 kobolds
  2 quokkas
  6 frilled lizards
  8 goblins
  8 rats
108 creatures vanquished.

Notes
Turn   | Place    | Note
-------+----------+-------------------------------------------
     0 | D:1      | NinjaNoafa the Djinni Conjurer began the quest for the Orb.
     0 | D:1      | NinjaNoafa set off with the following spells memorised:
                  | Magic Dart, Searing Ray, Dazzling Flash, Fulminant Prism,
                  | Iskenderun's Mystic Blast.
     0 | D:1      | Reached XP level 1. HP: 15/15 MP: 0/0
   163 | D:1      | Reached XP level 2. HP: 19/21 MP: 0/0
   350 | D:1      | Reached XP level 3. HP: 19/25 MP: 0/0
   350 | D:1      | Learned a level 1 spell: Necrotise
   408 | D:1      | Reached skill level 4 in Spellcasting
   855 | D:1      | Gained mutation: You possess an exceptional clarity of
                  | mind. [potion of mutation]
   855 | D:1      | Gained mutation: You are very vulnerable to cold. (rC--)
                  | [potion of mutation]
   860 | D:1      | Reached XP level 4. HP: 7/31 MP: 0/0
  1705 | D:2      | Found a faded altar of an unknown god.
  1847 | D:3      | Reached XP level 5. HP: 11/35 MP: 0/0
  1847 | D:3      | Learned a level 2 spell: Ensorcelled Hibernation
  2131 | D:3      | Found a glowing drain.
  2144 | Sewer    | Entered a sewer
  2350 | Sewer    | Reached skill level 5 in Spellcasting
  2397 | Sewer    | HP: 1/36 [river rat (6)]
  2562 | Sewer    | Reached skill level 1 in Fighting
  2873 | Sewer    | Reached XP level 6. HP: 28/43 MP: 0/0
  3783 | D:3      | Slain by an orc

Illustrated notes

Levels and vault maps discovered:
D:1:      spicycebolla_arrival_transporter_tutorial, layout_loops_corners,
          minmay_box_of_dots
D:2:      layout_rooms, ebering_ecumenical_altar_webs
D:3:      layout_loops_cross, portal_sewer_entry_d

Skill      XL: |  1  2  3  4  5  6 |
---------------+-------------------+-----
Spellcasting   | 4 5 |  5.4
Fighting       | 2 3 |  3.0
Dodging        | |  2.1
Stealth        | |  1.5

Action                   |  1- 3 |  4- 6 || total
-------------------------+-------+-------++-------
Melee: Short sword       |     2 |     4 ||     6
       Staff             |       |    24 ||    24
       Dagger            |       |    28 ||    28
 Cast: Magic Dart        |    49 |    81 ||   130
       Necrotise         |    12 |    41 ||    53
       Searing Ray       |       |    13 ||    13
       Dazzling Flash    |       |     5 ||     5
       Ensorcelled Hiber |       |    13 ||    13
  Use: Potion            |     4 |     1 ||     5
       Scroll            |       |     4 ||     4
 Stab: Sleeping          |       |     7 ||     7
Armor: Robe              |     3 |    29 ||    32
       Skin              |    12 |     2 ||    14
Dodge: Dodged            |    19 |   110 ||   129

Table legend: (Time is in decaauts)
 A = Elapsed time spent in this place.
 B = Non-inter-level travel time spent in this place.
 C = Inter-level travel time spent in this place.
 D = Time resting spent in this place.
 E = Time spent auto-exploring this place.
 F = Levels seen in this place.
 G = Mean time per level.
                   A        B        C        D        E       F      G
               +--------+--------+--------+--------+--------+-----+--------+
         Total |   3784 |   3623 |    161 |     40 |   2833 |   4 |  946.0 |
       Dungeon |   2623 |   2462 |    161 |     40 |   1909 |   3 |  874.3 |
         Sewer |   1161 |   1161 |      0 |      0 |    924 |   1 | 1161.0 |
               +--------+--------+--------+--------+--------+-----+--------+

Top non-repeatable levels by time:
   Sewer: 1161 daAuts
     D:1: 1150 daAuts
     D:3: 787 daAuts
     D:2: 685 daAuts
